Cogmind - Beta 13 @@@ ROGUE MODE // 2024.06.21 @ 11:22:03 Player: H3-RMN Result: Destroyed by RQ-XJP(R) with Subdweller Machine Gun Performance ------------- Evolutions (0) 0 Regions Visited (2) 400 Robots Destroyed (32) 160 Value Destroyed (779) 779 Prototype IDs (0) 0 Alien Tech Used (0) 0 Bonus (0) 0 TOTAL SCORE: 1339 Bonus ------- None Cogmind --------- Core Integrity 0/250 Matter 292/300 Energy 200/200 System Corruption 2% Temperature Cool (0) Movement Walking (330) Ox3 Location -10/Subcaves Parts ------- > --- POWER (1) -------- Subdweller Power Source > --- PROPULSION (2) --- Aluminum Leg > --- UTILITY (2) ------ Large Storage Unit Makeshift Light Armor Plating > --- WEAPON (2) ------- Makeshift Sword Makeshift Spear > --- INVENTORY (15) --- Makeshift Power Source High-capacity Matter Pod (200) Makeshift Kinetic Plating Hacking Suite Makeshift Hacking Suite Subdweller Beam Cannon Battle Rifle Subdweller Machine Gun Heavy Battle Rifle Makeshift Shrapnel Gun Grenade Launcher Grenade Launcher Subdweller Shrapnel Launcher Dirty Datajack (20) Makeshift Spear Peak State ------------ > --- POWER ------------ Subdweller Power Source > --- PROPULSION ------- Aluminum Leg Aluminum Leg > --- UTILITY ---------- Large Storage Unit Makeshift Light Armor Plating > --- WEAPON ----------- Makeshift Sword Makeshift Spear > --- INVENTORY -------- Makeshift Power Source High-capacity Matter Pod Makeshift Kinetic Plating Hacking Suite Makeshift Hacking Suite Subdweller Beam Cannon Light Assault Rifle Battle Rifle Subdweller Machine Gun Makeshift Shrapnel Gun Grenade Launcher Grenade Launcher Subdweller Shrapnel Launcher Dirty Datajack Makeshift Spear [Rating: 21] Favorites ----------- Power Subdweller Power Source Engine Subdweller Power Source Propulsion Aluminum Leg Leg Aluminum Leg Wheel Wheel Hover Unit Hover Unit Utility Large Storage Unit Device Seismic Detector Storage Large Storage Unit Protection Makeshift Light Armor Plating Weapon Subdweller Machine Gun Ballistic Gun Subdweller Machine Gun Ballistic Cannon Light Cannon Launcher Grenade Launcher Special Weapon Flamer Slashing Weapon Makeshift Sword Piercing Weapon Makeshift Spear Build | -11 -10 -10 ------- Run | Yrd Mat Sub Slots Evolved . | . . . Power . | . . . Propulsion . | . . . Utility . | . . . Weapon . | . . . Parts Attached 43 | 9 10 24 Power 4 | 1 . 3 Engine 4 | 1 . 3 Core . | . . . Reactor . | . . . Propulsion 10 | 4 1 5 Treads . | . . . Leg 7 | 2 1 4 Wheel 2 | 2 . . Hover 1 | . . 1 Flight . | . . . Utility 4 | 2 1 1 Device 1 | 1 . . Storage 2 | 1 1 . Processor . | . . . Hackware . | . . . Protection 1 | . . 1 Artifact . | . . . Weapon 25 | 2 8 15 Energy Gun . | . . . Energy Cannon . | . . . Ballistic Gun 14 | 2 4 8 Ballistic Cannon 2 | . 1 1 Launcher 5 | . 2 3 Special Weapon 1 | . . 1 Impact Weapon . | . . . Slashing Weapon 2 | . 1 1 Piercing Weapon 1 | . . 1 Special Melee Weapon . | . . . Unidentified Prototypes . | . . . Parts Lost 6 | . . 6 Power 2 | . . 2 Propulsion 4 | . . 4 Utility . | . . . Weapon . | . . . Highest Loss Streak 2 | . . 2 To Critical Strikes . | . . . Average Slot Usage (%) 99 | . 100 99 Engine 13 | . 14 13 Leg 27 | . 28 27 Device 3 | . 14 . Storage 14 | . 14 14 Protection 10 | . . 13 Ballistic Gun 17 | . 17 17 Ballistic Cannon 2 | . 9 . Launcher 4 | . . 5 Slashing Weapon 1 | . . 1 Piercing Weapon 1 | . . 1 Naked Turns . | . . . Heaviest Build 37 | 13 31 37 Greatest Support 20 | 20 20 20 Greatest Overweight (x) 3 | 1 1 3 Average Overweight (x) . | . . 1 Largest Inventory Capacity 15 | 8 15 15 Average Capacity 14 | 7 13 15 Most Carried 15 | 8 15 15 Average Carried 13 | 4 12 14 Final Capacity 15 | 8 15 15 Final Carried 15 | 8 15 15 Class Distribution -------------------- 73% | Mutant 26% | Scavenger-Mutant Dominant Class ---------------- Mutant | -10/Materials Mutant | -10/Subcaves Resources | -11 -10 -10 ----------- Run | Yrd Mat Sub Matter Collected 1410 | 283 254 873 Remotely . | . . . Salvage Created 1016 | 101 368 547 Parts 87 | 5 40 42 Haulers Intercepted 1 | . 1 . Recyclers Shooed . | . . . Parts Field Recycled . | . . . Retrieved Matter . | . . . Parts Self-Destructed 10 | . . 10 Prevented . | . . . Kills | -11 -10 -10 ------- Run | Yrd Mat Sub Combat Hostiles Destroyed 25 | . 13 12 Melee 2 | . . 2 Guns 9 | . 5 4 Cannons 2 | . 2 . AOE 12 | . 6 6 Classes Destroyed 11 | 2 6 3 Worker 2 | . 2 . Tunneler 1 | 1 . . Hauler 1 | . 1 . Recycler 1 | 1 . . Operator 1 | . 1 . Watcher 1 | . 1 . Swarmer 8 | . 8 . Grunt 5 | . 5 . Artisan 1 | . . 1 Cobbler 1 | . . 1 Subdweller 12 | . . 12 Best Kill Streak 3 | 2 3 2 Combat Bots Only 3 | . 3 2 Max Kills in Single Turn 3 | 1 3 2 Gunslinging . | . . . Exploded 3 | . 3 2 Melee 1 | . . 1 Uniques/NPCs Destroyed . | . . . Combat | -11 -10 -10 -------- Run | Yrd Mat Sub Hostile Shots Fired 93 | . 39 54 Missed 22 | . 10 12 Damage Taken 1298 | . 322 976 Core 272 | . 71 201 Absorbed by Shields . | . . . Core Remaining (%) 100 | 100 . . Volleys Fired 118 | 5 42 71 Largest 2 | 2 2 2 Hottest 65 | 40 55 65 Shots Fired 186 | 10 80 96 Gun 148 | 10 64 74 Cannon 18 | . 13 5 Launcher 20 | . 3 17 Special . | . . . Kinetic 166 | 10 77 79 Thermal . | . . . Explosive 20 | . 3 17 Electromagnetic . | . . . Robot Hit Streak 16 | 5 7 16 Robot Miss Streak 5 | 1 5 1 Penetration Max . | . . . Secondary Targets . | . . . Shots Hit Robots 126 | 8 47 71 Core Hits 63 | 3 27 33 Critical Kills . | . . . Critical Parts Destroyed . | . . . Critical Strikes 1 | . . 1 Sever 1 | . . 1 Melee Attacks 30 | . 2 28 Impact . | . . . Slashing 18 | . 2 16 Piercing 12 | . . 12 Sneak Attacks 2 | . 1 1 Combat Hostiles . | . . . Follow-up Attacks 2 | . . 2 Damage Inflicted 2837 | 67 764 2006 Guns 1101 | 67 307 727 Cannons 174 | . 120 54 Explosions 1175 | . 289 886 Melee 387 | . 48 339 Ramming . | . . . Kinetic 1275 | 67 427 781 Thermal . | . . . Explosive 1175 | . 289 886 Electromagnetic . | . . . Impact . | . . . Slashing 151 | . 48 103 Piercing 236 | . . 236 Highest Corruption 2 | . 2 2 Average Corruption 2 | . 2 2 Corruption Purged . | . . . Corruption Blocked . | . . . Effects 50 | . 2 48 Message Errors 17 | . . 17 Matter Fused 16 | . . 16 Heat Flow Errors 3 | . 1 2 Energy Discharges 2 | . . 2 Parts Rejected 1 | . 1 . Data Loss (minor) 5 | . . 5 Misfires 2 | . . 2 Alerts 4 | . . 4 Overload Shots . | . . . Overflow Damage 43 | . 8 35 Projectiles . | . . . Explosions 19 | . . 19 Melee 24 | . 8 16 Knockbacks 1 | . 1 . Impact . | . . . Kinetic 1 | . 1 . Secondary . | . . . Self-Inflicted Damage 52 | . 37 15 Shots 2 | . 1 1 Rammed . | . . . Targets Rammed . | . . . Kicked . | . . . Crushed . | . . . Highest Temperature 261 | . 161 261 Average Temperature 47 | . 24 133 Received Heat Transfer 159 | . 102 57 Effects 1 | . . 1 Energy Bleed 1 | . . 1 Siege Activations . | . . . Robots Corrupted . | . . . Combat Hostiles . | . . . Parts Fried . | . . . Impact Corruptions . | . . . Robots Melted . | . . . Combat Hostiles . | . . . Parts Melted . | . . . Heat Transferred . | . . . Parts Sabotaged . | . . . Parts Stolen . | . . . Parts Stripped . | . . . Power Chain Reactions . | . . . Alert | -11 -10 -10 ------- Run | Yrd Mat Sub Peak Influence 255 | 10 255 . Initial 6 | . 6 . Average 113 | 4 126 . Maximum Alert Level 1 | . 1 . Low Security (%) 92 | 100 91 . Level 1 7 | . 8 . Level 2 . | . . . Level 3 . | . . . Level 4 . | . . . Level 5 . | . . . High Security . | . . . Max Security . | . . . Squads Dispatched 3 | . 3 . Investigation 1 | . 1 . Extermination . | . . . Reinforcement 2 | . 2 . Assault . | . . . Garrison . | . . . Intercept . | . . . Searches Triggered . | . . . Construction Impeded . | . . . Haulers Reinforced . | . . . Active Scanning Responses . | . . . Cargo Convoy Interrupts . | . . . Stealth | -11 -10 -10 --------- Run | Yrd Mat Sub Distress Signals 2 | . 2 . Communications Jammed . | . . . Distress Signals . | . . . Times Spotted 34 | . 20 14 Peak Tracking Total 3 | . 3 2 Tactical Retreats . | . . . Traps | -11 -10 -10 ------- Run | Yrd Mat Sub Traps Triggered 1 | . 1 . Indirectly . | . . . Trap Hack Attempts . | . . . Triggered . | . . . Disarmed . | . . . Reprogrammed . | . . . Reused . | . . . Traps Extracted . | . . . Installed . | . . . Triggered . | . . . Machines | -11 -10 -10 ---------- Run | Yrd Mat Sub Machines Disabled . | . . . Max in Single Turn . | . . . Machines Repaired . | . . . Machines Dismantled . | . . . Machines Sabotaged . | . . . Overloaded Fab Kills . | . . . Hacking | -11 -10 -10 --------- Run | Yrd Mat Sub Machines Accessed 5 | . 4 1 Terminals 3 | . 3 . Fabricators . | . . . Repair Stations . | . . . Recycling Units 1 | . 1 . Scanalyzers . | . . . Garrison Access . | . . . Total Hacks 10 | . 7 3 Successful 5 | . 2 3 Failed 5 | . 5 . Catastrophic 3 | . 3 . Database Lockouts . | . . . Manual 6 | . 6 . Terminals 5 | . 5 . Fabricators . | . . . Repair Stations . | . . . Recycling Units 2 | . 2 . Scanalyzers . | . . . Garrison Access . | . . . Terminal Hacks 3 | . . 3 Record 3 | . . 3 Fabricator Hacks . | . . . Repair Station Hacks . | . . . Recycling Unit Hacks 1 | . 1 . Report Inventory 1 | . 1 . Scanalyzer . | . . . Garrison Access Hacks . | . . . Unauthorized Hacks 1 | . 1 . Terminals . | . . . Fabricators . | . . . Repair Stations . | . . . Recycling Units 1 | . 1 . Tunnel 1 | . 1 . Scanalyzers . | . . . Garrison Access . | . . . Data Cores Recovered . | . . . Used . | . . . Hacking Detections 4 | . 4 . Full Trace Events . | . . . Feedback Events . | . . . Feedback Blocked . | . . . Robot Schematics Acquired . | . . . Robots Built . | . . . Authchips . | . . . Time . | . . . Total Robot Build Rating . | . . . Part Schematics Acquired . | . . . Parts Built . | . . . Authchips . | . . . Time . | . . . Total Part Build Rating . | . . . Parts Repaired . | . . . Time . | . . . Parts Recycled . | . . . Recycled Matter . | . . . Retrieved Matter . | . . . Retrieved Components . | . . . Parts Scanalyzed . | . . . Part Schematics Acquired . | . . . Parts Damaged . | . . . Bothacking | -11 -10 -10 ------------ Run | Yrd Mat Sub Used RIF Installer . | . . . Robots Hacked . | . . . Non-combat . | . . . Combat . | . . . Robot Hacks Applied . | . . . Relay Couplers Released . | . . . Fabnet Peak Effective % . | . . . Robots Rewired . | . . . Allies Hacked . | . . . Hacks Repelled . | . . . Allies | -11 -10 -10 -------- Run | Yrd Mat Sub Total Allies . | . . . Largest Group . | . . . Highest-Rated Group . | . . . Highest-Rated Ally . | . . . Total Orders . | . . . Ally Attacks . | . . . Total Damage . | . . . Kills . | . . . Allies Corrupted . | . . . Allies Melted . | . . . Intel | -11 -10 -10 ------- Run | Yrd Mat Sub Robot Analysis Total . | . . . Derelict Logs Recovered 2 | . . 2 Drone Launches . | . . . Drone Recoveries . | . . . Exploration | -11 -10 -10 ------------- Run | Yrd Mat Sub Turns Passed 4670 | 117 1007 3546 Spaces Moved 2223 | 84 466 1673 Core 1 | 1 . . Treads . | . . . Legs 2176 | 37 466 1673 Wheels 46 | 46 . . Hover . | . . . Flight . | . . . Fastest Speed 50 | 50 120 190 Average Speed 182 | 99 170 190 Slowest Speed 330 | 190 190 330 Overloaded Moves . | . . . Propulsion Burnouts . | . . . Robots Hopped . | . . . Cave-ins Triggered . | . . . Exploration Rate (%) 52 | 6 64 87 Regions Visited 2 Branch Regions 1 Pre-discovered Areas 3 | . 1 2 Known Exits Taken . | . . . Unknown Exits Taken 2 | 1 1 . Scrap Searched 13 | . . 13 Spaces Dug 29 | . 20 9 Terrain Destroyed 72 | . 20 52 Melee 2 | . 1 1 Projectile . | . . . AOE 70 | . 19 51 Terrain Rammed . | . . . Walls Destroyed . | . . . Machines Disabled . | . . . Actions | -11 -10 -10 --------- Run | Yrd Mat Sub Total 2638 | 105 611 1922 Wait 167 | . 71 96 Move 2221 | 83 465 1673 Hop . | . . . Pick Up 32 | 6 12 14 Fast Attach 16 | 9 1 6 Attach 6 | . . 6 Detach 2 | 2 . . Swap 21 | . 9 12 Drop 27 | . 9 18 Fire 118 | 5 42 71 Melee 28 | . 2 26 Ram . | . . . Kick . | . . . Crush . | . . . Escape Stasis . | . . . Rewire . | . . . Trap . | . . . Miscellaneous . | . . . Route ------- -11/Scrapyard -10/Materials (discovered 4 exits: [*Mat x2] / [*Min] / *Sub) -10/Subcaves (discovered 2 exits: [*Mat x2]) History --------- Turn | Location | Event 11 | -11/Scrapyard | Discovered new exit (range 15) 118 | -11/Scrapyard | Entered Materials 628 | -10/Materials | Discovered new exit (range 4) 734 | -10/Materials | Discovered new exit (range 15) 737 | -10/Materials | Build established: Mutant 891 | -10/Materials | Discovered new exit (range 8) 1097 | -10/Materials | Discovered new exit (range 7) 1125 | -10/Materials | Entered Subcaves 1610 | -10/Subcaves | Core integrity fell below 50% 1679 | -10/Subcaves | Discovered new exit (range 10) 1790 | -10/Subcaves | A swath of the cavern ceiling suddenly collapsed 1924 | -10/Subcaves | Build established: Scavenger-Mutant 2240 | -10/Subcaves | Ambushed by Subdwellers from Twisted Machinery 2327 | -10/Subcaves | Shifting Twisted Machinery released Sub. Monowheel 2367 | -10/Subcaves | Shifting Twisted Machinery released Sub. Power Source 2642 | -10/Subcaves | Discovered new exit (range 15) 2643 | -10/Subcaves | Shifting Twisted Machinery released Sub. Beam Cannon 2686 | -10/Subcaves | Shifting Twisted Machinery released Shrapnel Trap 2860 | -10/Subcaves | Core integrity fell below 20% 3173 | -10/Subcaves | Build established: Mutant 4046 | -10/Subcaves | Learned 4 Materials zone layouts 4236 | -10/Subcaves | Disturbed a concealed Subdweller 4461 | -10/Subcaves | Visited Clippyterm 4467 | -10/Subcaves | Learned location of Section 7 (-2) 4671 | -10/Subcaves | Destroyed by RQ-XJP(R) with Subdweller Machine Gun Last Messages --------------- data I collect to feed it, half the time it still manages to suggest unhelpful sample queries and responses. --DD-NU8 >>Intel! "World Domination" It looks like you're trying to take over the world, would you like help? World map updated: -2/Section 7. >>Record! "Letterhead" It looks like you're writing a letter, sorry I don't know how to do that. 04558_ System corrupted: Matter fused (-8). 04605_ M>1C&KI=SRI6>SCPUIJLVRU7<:DRUPXT1 04621_ Acquired 9 matter. 04652_ 9V-1OW(R) destroyed. 04662_ RQ-XJP(R) affixes Scrap Shield Fragment to Scrap Shield. 04662_ Mak. Sword follow-up attack on RQ-XJP(R). 04662_ RQ-XJP(R) Sub. Monowheel severed. 04667_ Aluminum Leg destroyed. 04668_ Mak. Sword follow-up attack on RQ-XJP(R). Map ----- +----------------------------------------------------+ | ????### "" ## ## # ### ##??## #??? | | ??????### ## ##?# #??? | | ????????## # ### #??? | | ?????????## # ## # #??? | | ??????????# ######### #??? | | ??????????# ##########?## ##?? | | ?????????###### #???# # #### !#?? | | ????????## #????# ### %### | | ????????# ##??## #####& | | ????????# ## #??# # ### #### | | ????????# ######??# ###?# | | ????????# ####????#### #???## | | ????????# #????#### # # #????## # | | ????????# #???## #?????# ##### | | ????????# ##??# # # #????## ##?## | | ????????## ##?# ######???## ##?#### #### | | ?????????## ### ###?????#### #????####??? | | ??????????## ## #???????# ### ##??????????? | | ?# ## #### #???????# ##??##??????????## | | ## #?????### ##?????#?????????# | | % ####????## #???? #?????????## | | ?# # # ## ##???????# ### #????##????# | | ?????## ##?# ##?????#### #??????#""???? | | ??????#???# #??????# ## #??????#" ??? | | ??????????# ##????### ## #?????#" ??? | | ??????????###??????# @*###?# ??? ?? | | ???????????????????# &%R #???# ???? ? | | ???????????????????## ##!! #????##### ##????? | | ????????????????????##### ##??????????##??????? | | ???????????????????????? "" #????????????????????# | | ???????????????????????? """#????????????????????? | | ???????????????????????# ##????????????????????? | | ???????????????????????## ?????????????????????? | | ???????????????????????? ?????????????????????? | | ????????????????????????% ????????????????????? | | ????????????????????????" ?????????????????????? | | ?????????????????????????" ??????????????????????? | | ?????????????????????????????????????????????????? | | ?????????????????????????????????????????????????? | | ?????????????????????????????????????????????????? | | ?????????????????????????????????????????????????? | | ?????????????????????????????????????????????????? | | ?????????????????????????????????????????????????? | | ?????????????????????????????????????????????????? | | ?????????????????????????????????????????????????? | | ?????????????????????????????????????????????????? | | ?????????????????????????????????????????????????? | | ?????????????????????????????????????????????????? | | ?????????????????????????????????????????????????? | | ?????????????????????????????????????????????????? | +----------------------------------------------------+ Best States ------------- Heat Dissipation 25 Energy Generation 10 Energy Capacity 250 Matter Stores 300 Matter Capacity 300 Sight Range 16 Terrain Scan Density 10 Armor Coverage 100 Evasion (%) 55 Item Schematics ----------------- None Robot Schematics ------------------ None Fabricated ------------ Nothing Alien Tech Used ----------------- None Achievements -------------- None Challenges ------------ None Game ------ Seed DamperCoreDetector Manual? 0 Play Time 00:26:51 Cumulative 427.9 hours Start 2024.06.21 @ 10:38:24 End 2024.06.21 @ 11:22:03 Sessions 1 Manual Loads 0 Difficulty Rogue Special Mode None Game No. 168 Rogue 165 Adventurer 3 Explorer 0 Win Type - Total 7 Types 4/1/0/1/0/1/0/0/0 Lore% 80 Gallery% 85 Achievement% 86 Wizard Run 0 Options --------- Layout 2 ASCII 0 Keyboard 0 Movement Numpad Keybinds 0 Fullscreen 2 Font 24/Smallcaps Map View 50x44 Zoom Use 0% Tactical HUD 1 Map Filters NONE Filters NONE Steam 1 RUN: 676f968c-3c9a-4503-942b-b36b443c89e1